noty, neutral male scurrid Tourist }}}}}}}}}}}}}}}}}}}}}}}}}}}}}}}}}}}}}}}}}}}}} }}}}}}}}}}}}}}}}}}}}}}}}}}}}}}}}}}}}}}}}}}} }}}}}}}}+.}}}}}}.....}}}}}}}}}}}}}}}}}}} }}}}}}}.).`}}}}}....}}}}}}}}}}}}}}}}} }...}}}}}}}}}}}....}}}..}}}}}}}}}}} }...}}}}}}}}}}....}}}}..}}}}}}}} }...`}}}}}}}}}}}}}}}}}}}}}}}}}- }...}}}}}}}}}}}}}}}}}}}}}}}}}.| }.+..}}}}}...}}}}}}}}}}}}}}...----- }.....}}}}}!}}}}}}}}}}}}}}^.......| }....(}}}}}}}}}}}}}}}}}}}}}...... }....}}}}}}}}}}}}}}}}}}}}}}...- }}}}} }.....}}}}}}}}}}}}}}}}}}}}}}}.| }}}}}}}}}}}}}} }......}}}}}}}}}}}}}}}}}}}}}}}----------------- }}}}}}}}}}}}}}...}}}}}}} }.`..<..}}}}}}}...}}}}}}}n}}}}}}}}}.......}}}}}}}}}}.`}}}}}}}}}...Z..}}}}}} }.....}}}}}}}}}}.....}}}}}}}}}T}}}}}}}}}}}}}}}}}}}}.....}}}}}}..}}}.}}}}}}} }}}.}}}}}}}}}}}}}.W..}}}}}}}}}}}}}}}}}}}}}}}}}}}}}}}..}}}}}}}}}}}}}}}}}}}}} }}}@I}}}}}}D}}}}}....}}}}}}}}}}}}}}}}}}}}}}}..}}..}}}}}}}}}}}}}}}@}}}}}}}}} }}}}}}}}}}}}}}}}}}}}}}}}}}}}}}}}}}}}}}}}}}}}}}}}}}}}}}}}}}}}}}}}}}}}}}}}}}} }}}}}}}}}}}}}}}}}}}}}}}}}}}}}}}}}}}}}}}}}}}}}}}}}}}}}}}}}}}}}}}}}}}}}}}}}}} noty the Rambler Experience level: 1 Strength: 11 Dexterity: 11 Constitution: 10 Intelligence: 11 Wisdom: 10 Charisma: 23 Health: 0(9) Energy: 2(2) Def: 0 Gold: 748 Moves: 93 Dungeon seed: nPMWUoBV3r09qCoY Game ID: noty_1498607918 Your Inventory: Coins $ - 748 gold pieces Weapons a - 39 uncursed thoroughly rusty +2 darts (in quiver) Comestibles b - an uncursed giant spider egg c - 7 uncursed food rations d - 2 uncursed fortune cookies f - an uncursed sprig of wolfsbane Scrolls h - 4 uncursed scrolls of blank paper Potions g - 2 uncursed potions of water Wands k - an uncursed wand of secret door detection (0:15) Tools i - an uncursed expensive camera (0:83) j - an uncursed credit card l - an uncursed thoroughly rusty tin opener Spells and supernatural/magical abilities: Name Level Category Fail Memory W - pray for help -- divine ? -- Your skills at the end: Miscellaneous Skills wands [Basic] Weapon Skills dart [Basic] Spellcasting Skills Final Attributes: You were devoutly aligned. You had infravision. You were very stealthy. You are dead. Vanquished creatures: a jackal Voluntary challenges: You went without food. You did not adorn yourself with jewelry or accessories. You did not cause conflict. You were not invisible. You did not have reflection. You were not displaced. You were an atheist. You never hit with a wielded weapon. You were a pacifist. You did not use tools. You did not use plumbed fixtures. You did not drink any magical draughts. You were illiterate. You never genocided any monsters. You never polymorphed an object. You never changed form. You used no wishes. You never split a pudding. You never wrote Elbereth's name. You never violated your personal moral code. Dungeon overview: The Dungeons of Doom: levels 1 to 25 Level 1 a long staircase Level 2 Level 3 Level 4 Level 5 Level 6 Level 7 Level 8 Level 9 Level 10 Level 11 Level 12 Level 13 Level 14 Level 15 Level 16 Level 17 Level 18 Level 19 a fountain Level 20 Level 21 Level 22 Level 23 Level 24 Level 25 <- You were here History has recorded: On T:1 you entered the Dungeons of Doom to retrieve the Amulet of Yendor! On T:5 you reached level 2 of The Dungeons of Doom. On T:7 you reached level 3 of The Dungeons of Doom. On T:10 you reached level 4 of The Dungeons of Doom. On T:12 you reached level 5 of The Dungeons of Doom. On T:14 you reached level 6 of The Dungeons of Doom. On T:16 you reached level 7 of The Dungeons of Doom. On T:19 you reached level 8 of The Dungeons of Doom. On T:21 you reached level 9 of The Dungeons of Doom. On T:23 you reached level 10 of The Dungeons of Doom. On T:27 you reached level 11 of The Dungeons of Doom. On T:29 you reached level 12 of The Dungeons of Doom. On T:31 you reached level 13 of The Dungeons of Doom. On T:34 you reached level 14 of The Dungeons of Doom. On T:36 you reached level 15 of The Dungeons of Doom. On T:38 you reached level 16 of The Dungeons of Doom. On T:40 you reached level 17 of The Dungeons of Doom. On T:43 you reached level 18 of The Dungeons of Doom. On T:43 you entered the Rogue tribute level. On T:45 you reached level 19 of The Dungeons of Doom. On T:49 you reached level 20 of The Dungeons of Doom. On T:51 you reached level 21 of The Dungeons of Doom. On T:53 you reached level 22 of The Dungeons of Doom. On T:55 you reached level 23 of The Dungeons of Doom. On T:58 you reached level 24 of The Dungeons of Doom. On T:60 you reached level 25 of The Dungeons of Doom. Score breakdown: Gold: 185 ( 18 points) Experience: 1 level ( 0 points) Exploration: 25 levels ( 720 points) Discoveries: 2 items ( 100 points) Variety of kills: 1 monster ( 50 points) Major goal: (nothing yet) ( 0 points) Survival: died (score multiplied by 3) Total score: 2664 Latest messages: Pheew! That was close. That command is only available in debug mode. You fall into the water! You sink like a rock. You try to crawl out of the water. Pheew! That was close. That command is only available in debug mode. You fall into the water! You sink like a rock. You try to crawl out of the water. Pheew! That was close. That command is only available in debug mode. You fall into the water! You sink like a rock. You try to crawl out of the water. Pheew! That was close. The young red dragon breathes fire! Some water evaporates. The blast of fire hits something! The water evaporates. The blast of fire hits you! You die... Final status: Aloha noty the Tourist, killed by a blast of fire... You died in The Dungeons of Doom on dungeon level 25 with 2664 points, and 748 pieces of gold, after 93 moves. You were level 1 with a maximum of 9 hit points when you died.